 Dungeon Crawl Stone Soup version 0.22.0 (webtiles) character file.

1467 Gorglomux the Shield-Bearer (level 8, -2/57 HPs)
             Began as a Gargoyle Fighter on Aug 10, 2018.
             Slain by an orc warrior
             ... wielding a cursed +0 halberd
              (18 damage)
             ... on level 7 of the Dungeon.
             The game lasted 00:03:27 (5467 turns).

Gorglomux the Shield-Bearer (Gargoyle Fighter)      Turns: 5467, Time: 00:03:27

Health: -2/57      AC: 16    Str: 26    XL:     8   Next: 77%
Magic:  8/8        EV:  6    Int:  8    God:
Gold:   266        SH: 11    Dex:  9    Spells: 7/7 levels left

rFire    . . .     SeeInvis .   a - +0 war axe
rCold    . . .     Gourm    .   c - +0 shield
rNeg     + . .     Faith    .   r - +0 chain mail
rPois    ∞         Spirit   .   (no helmet)
rElec    +         Reflect  .   (no cloak)
rCorr    .         Harm     .   (no gloves)
MR       .....     Clarity  +   (no boots)
Stlth    ..........             (no amulet)
HPRegen  0.19/turn              (no ring)
MPRegen  0.11/turn              (no ring)

@: mighty
A: clarity, dopey 1, negative energy resistance 1, robust 1, electricity
resistance, unbreathing, petrification resistance, rot immunity, AC +5
a: no special abilities


You were on level 7 of the Dungeon.
You were not hungry.

You visited 1 branch of the dungeon, and saw 7 of its levels.

You collected 266 gold pieces.

Inventory:

Hand Weapons
 a - a +0 war axe (weapon)
Armour
 b - a +0 scale mail
 c - a +0 shield (worn)
 r - a +0 chain mail (worn)
Jewellery
 o - an uncursed amulet of the acrobat {unknown}
Scrolls
 g - 5 scrolls of teleportation {unknown}
 k - a scroll of noise {unknown}
 m - a scroll of remove curse {unknown}
 p - 2 scrolls of amnesia {unknown}
 q - 2 scrolls of identify {unknown}
 T - a scroll of immolation {unknown}
 V - a scroll of random uselessness {unknown}
Potions
 j - 2 potions of degeneration
 l - a potion of mutation {!q}
 Q - 2 potions of curing
 S - a potion of agility
Comestibles
 f - 9 rations
 W - 6 chunks of flesh


   Skills:
 + Level 6.6 Fighting
 + Level 5.1 Axes
 + Level 6.6 Armour
 + Level 6.6 Shields


You had 7 spell levels left.
You didn't know any spells.
Your spell library was empty.

Dungeon Overview and Level Annotations

Branches:
Dungeon (7/15)
 Temple: D:4-7

Altars:
Cheibriados
Elyvilon
Kikubaaqudgha
Xom
The Shining One


Innate Abilities, Weirdness & Mutations

You are resistant to torment.
Your stone body is resilient. (AC +5)
You are immune to poison.
You resist negative energy. (rN+)
You are resistant to electric shocks. (rElec)
You can survive without breathing.
You are immune to petrification.
You are immune to rotting.
You possess an exceptional clarity of mind.
You are dopey. (Int -2)
You are robust. (+10% HP)


Message History

The gnoll hits you but does no damage!
You closely miss the gnoll shaman! You cut the gnoll but butt no damage!
The gnoll hits you but does no damage!
Butt block the orc warrior's attack!
You block the gnoll shaman's attack! You block the gnoll's attack!
Unknown command!
You barely miss the butt shaman! You carve the gnoll like a ham!
You block the gnoll's attack!
The orc warrior hits you from afar with a halberd!!!
You chop the gnoll into pieces!!!
You annihilate the gnoll!!!
You closely miss the gnoll butt! The orc warrior barely misses you!
The gnoll hits you with a club! * * * don't die
* * * The gnoll shaman hits you but does no damage!
Unknown command!
You closely miss the gnoll! You barely miss the gnoll shaman!
The gnoll is butt longer moving quickly!
The gnoll hits you but does no damage!
The orc warrior hits you from afar with a halberd!!!!!! rip

#......# ..#####
#......########....># # #
#.................#.#.#..
#......#####.)......#...#
#......# #####.......#
#......# #.........##
######## #......).....
#...)........
#..@g........
####g........ #)o........
.o.....####. .g.g......#
#g#..####.... g. ...
.###. . #.#. .. #.#. ##


You could see an orc warrior, a gnoll shaman and a gnoll.

Vanquished Creatures
  An ogre (D:5)
  2 phantoms
  A centaur (D:5)
  2 bullfrogs
  2 scorpions
  A crimson imp (D:3)
  A hound (D:5)
  7 orc wizards
  A bullfrog skeleton (D:7)
  5 orc priests
  6 worker ants
  3 gnolls (D:7)
  10 adders
  A shadow imp (D:5)
  3 oozes
  5 worms
  3 adder skeletons
  A dart slug (D:4)
  3 leopard geckos
  18 orcs
  3 ball pythons
  4 bat zombies (D:3)
  3 giant cockroaches
  4 goblins
  2 hobgoblins
  4 jackals (D:3)
  2 quokkas
  4 bats
  A frilled lizard (D:2)
  8 kobolds
  A leopard gecko skeleton (D:4)
  A leopard gecko zombie (D:5)
  7 rats
  A rat zombie (D:3)
121 creatures vanquished.

Vanquished Creatures (others)
  A sky beast (D:5)
1 creature vanquished.

Grand Total: 122 creatures vanquished

Notes
Turn   | Place    | Note
-------+----------+-------------------------------------------
     0 | D:1      | Gorglomux the Gargoyle Fighter began the quest for the Orb.
     0 | D:1      | Reached XP level 1. HP: 14/14 MP: 1/1
   238 | D:1      | Reached XP level 2. HP: 19/19 MP: 2/2
   372 | D:2      | Reached XP level 3. HP: 7/23 MP: 3/3
  1044 | D:3      | Found an ancient bone altar of Kikubaaqudgha.
  1078 | D:3      | Reached XP level 4. HP: 22/29 MP: 4/4
  1301 | D:3      | Reached XP level 5. HP: 20/33 MP: 5/5
  1666 | D:3      | Gained mutation: You are dopey. (Int -2) [potion of mutation]
  1666 | D:3      | Gained mutation: You possess an exceptional clarity of mind. [potion of mutation]
  1666 | D:3      | Gained mutation: You are robust. (+10% HP) [potion of mutation]
  1668 | D:3      | Reached skill level 3 in Axes
  1669 | D:3      | Reached XP level 6. HP: 14/42 MP: 6/6
  2250 | D:4      | Found a glowing golden altar of the Shining One.
  2323 | D:4      | Noticed a phantom
  2350 | D:4      | Killed a phantom
  2736 | D:4      | Found a glowing drain.
  2876 | D:4      | Reached XP level 7. HP: 30/48 MP: 7/7
  3226 | D:5      | Entered Level 5 of the Dungeon
  3286 | D:5      | Found a shimmering altar of Xom.
  3644 | D:5      | Found a white marble altar of Elyvilon.
  4363 | D:5      | Reached XP level 8. HP: 18/56 MP: 8/8
  4564 | D:6      | Reached skill level 6 in Fighting
  4564 | D:6      | Reached skill level 6 in Armour
  4564 | D:6      | Reached skill level 6 in Shields
  5218 | D:6      | Found a snail-covered altar of Cheibriados.
  5467 | D:7      | Slain by an orc warrior

Skill      XL: |  1  2  3  4  5  6  7  8 |
---------------+-------------------------+-----
Axes           | 2 3 4 5 |  5.1
Fighting       | 4 5 6 |  6.6
Armour         | 4 5 6 |  6.6
Shields        | 4 5 6 |  6.6

Action                   |  1- 3 |  4- 6 |  7- 9 || total
-------------------------+-------+-------+-------++-------
Melee: War axe           |   128 |   216 |   253 ||   597
  Use: Potion            |       |     2 |     7 ||     9
  Eat: Chunk             |       |     7 |     6 ||    13
       Ration            |       |       |     1 ||     1
Armor: Scale mail        |    93 |    14 |       ||   107
       Chain mail        |       |   114 |   189 ||   303
Dodge: Dodged            |    54 |    52 |    76 ||   182
Block: Shield            |    86 |   115 |   179 ||   380
